AoeStats
← Milo Thatch

Hideout

509825436Analyzed
1v1 RM · 5d ago on Sep 28, 2026· 39m 22s· 2 players
Game mode
Random Map
Map size
Tiny (2 player)
Population
200
Speed
Normal
Resources
Standard
Victory
Conquest
Starting age
Dark Age
Ending age
Imperial Age
RankedLock teamsTeams togetherTeam positionsShared explorationLock speedFull tech treeHidden civsTurbo modeCheats
Victory
Defeat
🇲🇽 Tatars · Mexico
813
+15
🇺🇸 Mongols · United States
782
-35
Milo Thatch
6:46 Loom
9:49 Feudal Age
11:02 Horse Collar
11:09 Double-Bit Axe
13:22 Gold Mining
19:32 Castle Age
18:26 Scale Mail Armor
20:03 Forging
20:33 Elite Skirmisher
21:18 Thumb Ring
22:26 Padded Archer Armor
22:16 Fletching
27:04 Iron Casting
26:45 Chain Mail Armor
28:12 Bodkin Arrow
28:32 Leather Archer Armor
30:50 Stone Mining
32:02 Bow Saw
32:16 Bloodlines
34:58 Imperial Age
36:14 Bracer
36:08 Pikeman
axelivan2305
8:55 Feudal Age
10:36 Double-Bit Axe
10:49 Horse Collar
14:20 Loom
18:53 Castle Age
17:04 Town Watch
19:13 Wheelbarrow
19:46 Heavy Plow
19:57 Bow Saw
20:21 Gold Mining
20:28 Stone Mining
21:56 Gold Shaft Mining
23:06 Hand Cart
23:14 Fletching
23:24 Padded Archer Armor
25:22 Bodkin Arrow
25:43 Leather Archer Armor
25:42 Husbandry
26:04 Bloodlines
28:06 Town Patrol
32:30 Ballistics
34:54 Imperial Age
32:29 Treadmill Crane
33:44 Masonry
34:42 Silk Armor
36:07 Conscription
35:51 Bracer
36:22 Ring Archer Armor
37:11 Chemistry
36:17 Siege Engineers
36:53 Timurid Siegecraft
39:07 Heavy Cavalry Archer
Connection lost

Rejoining the realm…

Still unreachable

The connection could not be restored.

Session expired

The server has moved on; the page needs a fresh start.